 Dungeon Crawl Stone Soup version 0.24-a0-500-g46574c2197 (webtiles) character file.

Game seed: 11815882730480598775

4668 Azzok the Blocker (level 10, -5/70 HPs)
             Began as a Formicid Fighter on July 15, 2019.
             Was a Believer of Okawaru.
             Slain by a two-headed ogre
             ... wielding a +0 giant club
              (8 damage)
             ... on level 8 of the Dungeon.
             The game lasted 00:13:11 (8147 turns).

Azzok the Blocker (Formicid Fighter)                Turns: 8147, Time: 00:13:11

Health: -5/70      AC: 17    Str: 29    XL:     10   Next: 71%
Magic:  14/16      EV: 10    Int:  8    God:    Okawaru [**....]
Gold:   502        SH: 17    Dex: 12    Spells: 9/9 levels left

rFire    . . .     SeeInvis +   a - +1 flail
rCold    . . .     Gourm    .   c - +0 shield
rNeg     . . .     Faith    .   k - +0 plate armour
rPois    .         Spirit   .   (helmet unavailable)
rElec    .         Reflect  +   (no cloak)
rCorr    .         Harm     .   t - +0 pair of gloves
MR       ++...                  w - +1 pair of boots "Ifuer" {Dex+2}
Stlth    ..........             y - +3 amulet of reflection
HPRegen  0.21/turn              b - ring of teleportation (curse)
MPRegen  0.15/turn              z - ring of protection from magic

@: mighty, heroism
A: permanent stasis, dig shafts and tunnels, four strong arms, antennae 3
a: Dig, Shaft Self, Heroism, Renounce Religion


You were on level 8 of the Dungeon.
You worshipped Okawaru.
Okawaru was pleased with you.
You were not hungry.

You visited 2 branches of the dungeon, and saw 9 of its levels.

You collected 502 gold pieces.

Inventory:

Hand Weapons
 a - a +1 flail (weapon)
 g - a +0 whip of flaming
Armour
 c - a +0 shield (worn)
 k - a +0 plate armour (worn)
 t - a +0 pair of gloves (worn)
 w - the +1 pair of boots "Ifuer" (worn) {Dex+2}
   (You found it on level 4 of the Dungeon)

   It affects your dexterity (+2).
Jewellery
 b - a cursed ring of teleportation (left hand)
 y - a +3 amulet of reflection (around neck)
 z - a ring of protection from magic (right hand)
Wands
 r - a wand of iceblast (27)
 u - a wand of random effects (12)
Scrolls
 h - a scroll of enchant weapon
 i - a scroll of fear
 l - 4 scrolls of remove curse
 o - a scroll of immolation {unknown}
 q - a scroll of magic mapping
 x - 2 scrolls of enchant armour {unknown}
Potions
 e - 2 potions of ambrosia {unknown}
 j - 5 potions of curing {unknown}
 m - a potion of brilliance {unknown}
 n - a potion of lignification
 p - a potion of magic
 s - 2 potions of cancellation
 v - a potion of flight
 C - a potion of invisibility {unknown}
Comestibles
 f - 22 rations


   Skills:
 - Level 3.2(8.2) Fighting
 - Level 8.6(13.6) Maces & Flails
 - Level 3.2(8.2) Armour
 - Level 9.0(14.0) Shields
 + Level 8.7 Invocations
 + Level 8.0 Evocations


You had 9 spell levels left.
You didn't know any spells.
Your spell library contained the following spells:

 Spells                   Type           Power        Failure   Level  Hunger
 Confusing Touch          Hex            #.....       98%         1    ##.....
 Infusion                 Chrm           #...         98%         1    ##.....
 Shroud of Golubria       Chrm/Tloc      #.....       99%         2    ###....
 Song of Slaying          Chrm           #.......     99%         2    ###....
 Confuse                  Hex            #.......     100%        3    ####...
 Gell's Gravitas          Tloc           #.........   100%        3    ####...
 Regeneration             Chrm/Necr      #.........   100%        3    ####...
 Spectral Weapon          Hex/Chrm       #.......     100%        3    ####...
 Petrify                  Tmut/Erth      #.......     100%        4    #####..
 Metabolic Englaciation   Hex/Ice        #.........   100%        5    ######.
 Yara's Violent Unravell  Hex/Tmut       #.........   100%        5    ######.


Dungeon Overview and Level Annotations

Branches:
Dungeon (8/15)             Temple (1/1) D:7            Lair (0/6) D:8

Altars:
Ashenzari
Cheibriados
Elyvilon
Fedhas
Gozag
Kikubaaqudgha
Makhleb
Okawaru
Qazlal
Ru
Trog
Xom
Yredelemnul
The Shining One


Innate Abilities, Weirdness & Mutations

You cannot be hasted, slowed, berserked, paralysed or teleported.
You can dig through walls and to a lower floor.
Your four strong arms can wield two-handed weapons with a shield.
You have a pair of large antennae on your head. (SInv)


Message History

The two-headed ogre hits you with a +0 giant club!
* * * LOW HITPOINT WARNING * * *
You block the two-headed ogre's attack.
You gain the combat prowess of a mighty hero.
You block the two-headed ogre's attack. The two-headed ogre barely misses you.
You feel very mighty all of a sudden.
The two-headed ogre hits you but does no damage.
The two-headed ogre closely misses you.
You bludgeon the two-headed ogre!!
The two-headed ogre is severely wounded.
You hit the two-headed ogre.
The two-headed ogre is severely wounded.
You block the two-headed ogre's attack.
The two-headed ogre hits you with a +0 giant club.
* * * LOW HITPOINT WARNING * * *
You sock the two-headed ogre!
The two-headed ogre is almost dead.
The two-headed ogre closely misses you.
The two-headed ogre hits you with a +0 giant club!
You die...

▒▒▒ ▒·▒▒▒▒ ▒····· ▒·▒▒▒▒
▒▒▒▒▒▒▒▒▒▒▒▒ ▒▒▒▒▒▒·▒▒▒▒
▒·········>▒ ▒▒···▒▒·▒▒··
▒··········▒▒▒▒ ▒▒·······▒▒▒▒
▒·············▒▒ ▒·······▒▒▒▒▒
▒···"·······O@·▒ ▒·······▒▒···
▒··········▒▒▒··▒▒············
▒···········▒ ···▒▒·······▒▒▒▒
▒▒▒▒▒·▒▒▒▒▒·▒▒·············▒▒
▒·▒ ▒··▒▒▒▒▒··········▒· ▒·▒
▒▒··▒ ▒▒··········▒· ▒·▒
▒▒·▒▒▒·············
▒··········▒ ▒·▒▒··▒▒··········
▒··········▒▒▒····▒▒▒▒········▒


You could see a two-headed ogre.

Vanquished Creatures
  3 death yaks (D:8)
  Pikel (D:7)
  Duvessa (D:6)
  4 slaves (D:7)
  An ice beast (D:5)
  A sky beast (D:7)
  A black bear (D:8)
  2 orc warriors (D:6)
  A phantom (D:5)
  3 ogres
  A centaur (D:7)
  A big kobold (D:8)
  3 bullfrogs
  A gnoll sergeant (D:7)
  Dowan (D:6)
  A scorpion (D:4)
  4 wights (D:6)
  2 howler monkeys
  A centaur zombie (D:6)
  A jelly (D:6)
  An orc priest (D:7)
  3 hounds
  4 orc wizards
  A bullfrog skeleton (D:7)
  3 iguanas
  4 worker ants
  A worker ant zombie (D:8)
  4 gnolls (D:7)
  5 adders
  3 shadow imps
  An adder zombie (D:5)
  2 adder skeletons
  5 worms
  3 dart slugs
  3 leopard geckos
  11 orcs
  2 ball pythons
  5 giant cockroaches
  9 goblins
  8 hobgoblins
  6 jackals
  7 quokkas
  7 bats
  4 frilled lizards
  17 kobolds
  A leopard gecko skeleton (D:4)
  A quokka skeleton (D:7)
  14 rats
169 creatures vanquished.

Vanquished Creatures (others)
  A frilled lizard (D:4)
  6 fungi (D:5)
  3 plants (D:5)
10 creatures vanquished.

Grand Total: 179 creatures vanquished

Notes
Turn   | Place    | Note
-------+----------+-------------------------------------------
     0 | D:1      | Azzok the Formicid Fighter began the quest for the Orb.
     0 | D:1      | Reached XP level 1. HP: 18/18 MP: 1/1
    33 | D:1      | Reached XP level 2. HP: 7/24 MP: 2/2
   278 | D:1      | Reached skill level 4 in Shields
   568 | D:1      | Reached XP level 3. HP: 29/29 MP: 3/3
  1254 | D:2      | Reached XP level 4. HP: 34/35 MP: 4/4
  1380 | D:2      | Reached skill level 5 in Shields
  1910 | D:2      | Found a basalt altar of Yredelemnul.
  1986 | D:2      | Found a burning altar of Makhleb.
  1986 | D:2      | Noticed a blizzard demon
  2100 | D:3      | Reached XP level 5. HP: 41/41 MP: 5/5
  2301 | D:3      | Found a shattered altar of Ashenzari.
  3359 | D:4      | Got a pair of warped boots
  3363 | D:4      | Identified the +1 pair of boots "Ifuer" {Dex+2} (You found
                  | it on level 4 of the Dungeon)
  3642 | D:4      | Found a shimmering altar of Xom.
  3659 | D:4      | Reached skill level 6 in Shields
  3659 | D:4      | Reached XP level 6. HP: 47/47 MP: 6/6
  3908 | D:5      | Entered Level 5 of the Dungeon
  4048 | D:5      | Found an ancient bone altar of Kikubaaqudgha.
  4071 | D:5      | Noticed a phantom
  4095 | D:5      | Killed a phantom
  4095 | D:5      | Reached skill level 5 in Maces & Flails
  4147 | D:5      | Found a blossoming altar of Fedhas.
  4151 | D:5      | Noticed an ogre
  4162 | D:5      | Killed an ogre
  4162 | D:5      | Reached XP level 7. HP: 49/52 MP: 7/7
  4164 | D:5      | Reached skill level 7 in Shields
  4711 | D:6      | Reached XP level 8. HP: 30/58 MP: 8/8
  4868 | D:6      | Reached skill level 8 in Shields
  5306 | D:6      | Noticed Duvessa
  5306 | D:6      | Noticed Dowan
  5322 | D:6      | Killed Duvessa
  5349 | D:6      | Killed Dowan
  5411 | D:6      | Reached skill level 9 in Shields
  5774 | D:7      | Reached XP level 9. HP: 53/64 MP: 9/9
  6205 | D:7      | Found a staircase to the Ecumenical Temple.
  6214 | Temple   | Entered the Ecumenical Temple
  6367 | Temple   | Became a worshipper of Warmaster Okawaru
  6507 | D:7      | Reached skill level 1 in Invocations
  6511 | D:7      | Reached skill level 1 in Evocations
  6866 | D:7      | Found a white marble altar of Elyvilon.
  6941 | D:8      | Found an opulent altar of Gozag.
  6941 | D:8      | Noticed Pikel
  7115 | D:7      | Killed Pikel
  7115 | D:7      | Reached * piety under Okawaru
  7187 | D:7      | Reached skill level 5 in Invocations
  7323 | D:8      | Reached skill level 5 in Evocations
  7533 | D:8      | Reached XP level 10. HP: 62/70 MP: 14/14
  7752 | D:8      | Found a staircase to the Lair.
  7778 | D:8      | Noticed a death yak
  7788 | D:8      | Noticed a death yak
  7792 | D:8      | Noticed a death yak
  7801 | D:8      | Killed a death yak
  7815 | D:8      | Killed a death yak
  7815 | D:8      | Reached ** piety under Okawaru
  7823 | D:8      | Killed a death yak
  8124 | D:8      | Noticed a two-headed ogre
  8146 | D:8      | HP: 3/70 [two-headed ogre/+0 giant club (6)]
  8147 | D:8      | Slain by a two-headed ogre

Levels and vault maps discovered:
D:1:      nicolae_arrival_washed_ashore, layout_basic
D:2:      layout_loops_ring, marbit_many_paths, first_ration,
          makhleb_altar_promises_db
D:3:      layout_basic, cheibrodos_ashenzari_chains
D:4:      layout_basic, xom_confusion_cloud
D:5:      layout_basic, old_standard_altar, fedhas_altar_3
D:6:      layout_basic, st_stairs_5, uniq_duvessa
D:7:      layout_rooms, kennysheep_little_box, minmay_temple_entry_trees,
          grunt_ogre_cave
D:8:      layout_rooms, lemuel_round_altar, lemuel_doored_altar,
          dpeg_lair_monsters, chequers_serial_rivers_small_3, uniq_pikel
Temple:   minmay_temple_curvy_branch

Skill      XL: |  1  2  3  4  5  6  7  8  9 10 |
---------------+-------------------------------+-----
Shields        | 4 5 6 7 9 |  9.0
Maces & Flails | 3 4 5 6 8 |  8.6
Invocations    | 5 8 |  8.7
Evocations     | 5 8 |  8.0
Fighting       | |  3.2
Armour         | |  3.2

Action                   |  1- 3 |  4- 6 |  7- 9 | 10-12 || total
-------------------------+-------+-------+-------+-------++-------
Melee: Flail             |   128 |   219 |   349 |    74 ||   770
       Whip              |       |       |    90 |       ||    90
Invok: Heroism           |       |       |       |     2 ||     2
  Use: Scroll            |       |     9 |     4 |     1 ||    14
       Potion            |       |       |       |     2 ||     2
  Eat: Chunk             |     1 |    10 |    11 |     2 ||    24
Armor: Scale mail        |    67 |    44 |       |       ||   111
       Chain mail        |       |    31 |       |       ||    31
       Plate armour      |       |    17 |   173 |    18 ||   208
Dodge: Dodged            |    50 |    63 |    58 |    13 ||   184
Block: Shield            |    78 |   124 |   261 |    42 ||   505
       Reflection        |       |       |       |     1 ||     1

Table legend:
 A = Non-vault XP
 B = Vault XP
 C = Vault XP percentage of total XP
 D = Non-vault monster count
 E = Vault monster count
 F = Vault count percentage of total count
                 A         B        C        D         E       F
            +---------+---------+-------+---------+---------+-------
      Total |    2834 |    3835 |  57.5 |     147 |      18 |  10.9
            +---------+---------+-------+---------+---------+-------
        D:1 |      41 |       0 |   0.0 |      28 |       0 |   0.0
        D:2 |      92 |       1 |   1.1 |      29 |       1 |   3.3
        D:3 |      37 |       0 |   0.0 |      17 |       0 |   0.0
        D:4 |     103 |      74 |  41.8 |       3 |       4 |  57.1
        D:5 |     520 |       0 |   0.0 |       9 |       0 |   0.0
        D:6 |     599 |     354 |  37.1 |      17 |       4 |  19.0
        D:7 |     827 |     769 |  48.2 |      25 |       2 |   7.4
        D:8 |     575 |    2637 |  82.1 |      18 |       7 |  28.0
     Temple |      40 |       0 |   0.0 |       1 |       0 |   0.0
            +---------+---------+-------+---------+---------+-------
